 Dungeon Crawl Stone Soup version 0.23-a0-582-g1b4a0ca (webtiles) character file.

17750 MisterFreud the Nimble (level 12, -1/61 HPs)
             Began as a Felid Berserker on Dec 15, 2018.
             Was a High Priest of Trog.
             Shot with a bolt by a yaktaur captain (37 damage)
             ... on level 12 of the Dungeon on Dec 16, 2018.
             The game lasted 00:55:21 (25497 turns).

MisterFreud the Nimble (Felid Berserker)           Turns: 25497, Time: 00:55:21

Health: -1/61      AC:  3    Str: 24    XL:     12   Next: 21%
Magic:  20/20      EV: 32    Int: 10    God:    Trog [*****.]
Gold:   1280       SH:  0    Dex: 21    Spells: 11/11 levels left
                                        Lives:  0   Deaths: 3

rFire    . . .     SeeInvis +     - Unarmed
rCold    + . .     Gourm    .   (shield unavailable)
rNeg     . . .     Faith    .   (armour unavailable)
rPois    .         Spirit   .   (helmet unavailable)
rElec    .         Reflect  .   (cloak unavailable)
rCorr    .         Harm     .   (gloves unavailable)
MR       +....                  (boots unavailable)
Stlth    ++++++....             (no amulet)
HPRegen  0.20/turn              C - ring "Tuagea" {Ice Str+7 Dex+6}
MPRegen  0.17/turn              e - ring of fire

@: quick
A: very small, no armour, no weapons or thrown items, stealth, claws 1, fangs 3,
see invisible, carnivore, speed 1, shaggy fur 3, slow metabolism 1, sharp paws
a: Berserk, Trog's Hand, Brothers in Arms, Renounce Religion


You were on level 12 of the Dungeon.
You worshipped Trog.
Trog was extremely pleased with you.
You were full.

You visited 2 branches of the dungeon, and saw 18 of its levels.

You collected 1325 gold pieces.
You spent 45 gold pieces at shops.

Inventory:

Jewellery
 e - a ring of fire (right paw)
 C - the ring "Tuagea" (left paw) {Ice Str+7 Dex+6}
   (You found it on level 11 of the Dungeon)

   [ring of ice]

   It enhances your ice magic.
   It affects your strength (+7).
   It affects your dexterity (+6).
   It makes you vulnerable to fire.
   It protects you from cold.
Wands
 b - a wand of flame (72)
 d - a wand of acid (20)
 n - a wand of paralysis (15)
 p - a wand of polymorph (7)
 r - a wand of iceblast (9)
 z - a wand of clouds (7)
 B - a wand of enslavement (6)
Scrolls
 k - 4 scrolls of teleportation
 l - 2 scrolls of magic mapping
 s - 3 scrolls of immolation
 u - 5 scrolls of fear
 y - a scroll of remove curse
Potions
 c - 3 potions of cancellation
 f - 2 potions of ambrosia
 g - 4 potions of agility
 h - 7 potions of heal wounds
 i - 4 potions of flight
 j - 2 potions of brilliance
 m - 2 potions of lignification
 o - 3 potions of curing
 q - 3 potions of mutation
 t - a potion of might
 w - a potion of magic
 x - 2 potions of berserk rage
Miscellaneous
 A - a sack of spiders
 D - a fan of gales
Comestibles
 a - 38 rations


   Skills:
 + Level 12.7 Fighting
 - Level 14.0 Dodging
 - Level 14.0 Stealth
 - Level 14.0 Unarmed Combat
 - Level 10.0 Evocations


You had 11 spell levels left.
You didn't know any spells.
Your spell library was empty.

Dungeon Overview and Level Annotations

Branches:
Dungeon (12/15)            Temple (0/1) D:4            Lair (6/6) D:10
  Swamp (0/4) Lair:4        Snake (0/4) Lair:2        Slime (0/5) Lair:5
    Orc (0/2) D:10

Altars:
Ashenzari
Hepliaklqana
Makhleb
Nemelex Xobeh
Okawaru
Ru
Sif Muna
Trog
Yredelemnul
The Shining One

Shops:
D:8 *   D:10 }   D:11 ?([

Annotations:
D:3 2 transporters, Fistula's ghost, amateur SpEn
D:4 2 transporters, Tovarisch's ghost, amateur FeAK
Lair:1 3 runed doors, exclusion: oklob plant, MisterFreud's ghost, journeyman NaFE
Lair:3 2 runed doors, Duffy's ghost, journeyman VSFi


Innate Abilities, Weirdness & Mutations

You cannot wear armour.
You are incapable of wielding weapons or throwing items.
Your paws allow you to move quietly. (Stealth)
You have sharp claws.
You have razor-sharp teeth.
You have supernaturally acute eyesight. (SInv)
You are carnivorous and can eat meat at any time.
You cover ground quickly.
Your thick and shaggy fur keeps you warm. (AC +3, rC+)
You have a slow metabolism.
Your sharp claws are effective at attacking unaware monsters.


Message History

Unknown command.
Eating one of 3 chunks of flesh.
You eat one of the 3 chunks of flesh.
This raw flesh tastes great.
Eating one of 2 chunks of flesh.
You eat one of the 2 chunks of flesh.
This raw flesh tastes great.
Eating a chunk of flesh.
You eat the chunk of flesh.
This raw flesh tastes great.
You see here an arrow.
Things that are here:
a +0 shortbow; 20 arrows
Things that are here:
a cursed -1 shortbow; 28 arrows
Things that are here:
a +0 battleaxe; a +0 chain mail The yaktaur captain wields a +0 arbalest.
The yaktaur captain shoots a bolt.
The bolt hits you!!
You see here a bolt.
The yaktaur captain shoots a bolt.
The bolt hits you!!!
Ouch! That really hurt!
You die...

########.#..............
#.#..............
#.'..............
#.###############
######((.(.(.)........
#..........)).........
#########################
###..c...(.................
##?.....(..@................
#........................)..
##............(..............
#.......)####################
#....).### #..c).## #.....#
#....## #....#


You could see a yaktaur captain.

Vanquished Creatures
  7 hydras
  Erica (D:9)
  A two-headed ogre (D:9)
  A death yak (Lair:5)
  A tengu warrior (D:11)
  3 skeletal warriors (D:11)
  3 unseen horrors
  A flayed ghost (D:12)
  Pikel (D:6)
  3 ugly things
  A cyclops (D:12)
  A manticore (D:12)
  An orc sorcerer (D:12)
  An elephant (Lair:5)
  6 black mambas
  A torpor snail (Lair:5)
  A gargoyle (D:12)
  14 spiny frogs
  A rime drake (Lair:6)
  7 komodo dragons
  A kobold demonologist (D:12)
  A meliai (D:11)
  3 trolls
  4 polar bears
  Prince Ribbit (D:6)
  A bog body (Lair:4)
  3 hornets
  8 hippogriffs
  13 dream sheep (Lair:6)
  6 blink frogs (Lair:2)
  A meliai zombie (D:12)
  11 spriggans (Lair:6)
  A shadow (D:11)
  A wraith (D:11)
  2 wyverns (D:11)
  28 yaks
  2 basilisks
  4 hungry ghosts
  2 soldier ants (D:8)
  An acid dragon (D:12)
  18 water moccasins
  8 porcupines
  A slave (D:6)
  9 orc warriors
  6 black bears
  2 ice beasts
  An eye of draining (D:12)
  6 ogres
  16 wolves
  4 boggarts (Lair:6)
  10 centaurs
  12 crocodiles
  14 bullfrogs
  2 big kobolds
  A gnoll sergeant (D:8)
  A wyvern zombie (D:11)
  6 scorpions
  A water moccasin skeleton (D:11)
  18 killer bees
  8 wights
  5 electric eels
  A howler monkey (D:6)
  2 crimson imps
  4 bullfrog zombies
  3 centaur zombies (D:12)
  16 jellies
  7 centaur skeletons
  A gnoll shaman (D:7)
  8 orc priests
  4 bullfrog skeletons
  11 hounds
  Jessica (D:2)
  Ijyb (D:5)
  3 iguanas
  11 orc wizards
  11 worker ants
  A bullfrog simulacrum (D:11)
  2 hound zombies
  A hound skeleton (D:5)
  A worker ant zombie (D:11)
  9 gnolls
  A howler monkey skeleton (D:5)
  24 adders
  3 oozes (Lair:5)
  An adder zombie (D:5)
  5 adder skeletons
  2 worms
  A dart slug (D:1)
  3 leopard geckos
  27 orcs
  3 bats
  5 giant cockroaches
  6 hobgoblins
  15 jackals
  14 kobolds
  6 quokkas
  3 ball pythons (Lair:2)
  4 frilled lizards
  2 gnoll zombies (D:3)
  6 goblins
  A leopard gecko zombie (D:7)
  8 rats
537 creatures vanquished.

Vanquished Creatures (collateral kills)
  A hydra (Lair:2)
  A skeletal warrior (D:11)
  A manticore (D:11)
  An elephant (Lair:5)
  A spiny frog (Lair:5)
  2 polar bears (Lair:6)
  3 blink frogs (Lair:2)
  2 hornets (Lair:6)
  2 dream sheep (Lair:6)
  3 spriggans (Lair:6)
  2 yaks (D:11)
  A water moccasin (Lair:6)
  A centaur (D:12)
  9 wolves
  A bullfrog (D:12)
  A wyvern simulacrum (D:11)
  A worker ant (D:12)
  A fungus (Lair:5)
34 creatures vanquished.

Vanquished Creatures (others)
  An orc wizard (D:10)
  4 fungi
  4 plants
9 creatures vanquished.

Grand Total: 580 creatures vanquished

Notes
Turn   | Place    | Note
-------+----------+-------------------------------------------
     0 | D:1      | MisterFreud the Felid Berserker began the quest for the
                  | Orb.
     0 | D:1      | Reached XP level 1. HP: 10/10 MP: 2/2
   267 | D:1      | Reached XP level 2. HP: 14/14 MP: 3/3
   517 | D:1      | Reached skill level 1 in Stealth
  1281 | D:2      | Noticed Jessica
  1303 | D:2      | Reached XP level 3. HP: 9/17 MP: 4/4
  1318 | D:2      | Killed Jessica
  1414 | D:2      | Reached ** piety under Trog
  1601 | D:2      | Reached XP level 4. HP: 21/21 MP: 5/5
  2413 | D:3      | Noticed Fistula's ghost (amateur SpEn)
  2446 | D:3      | Found a transporter.
  2456 | D:3      | Found a burning altar of Makhleb.
  2961 | D:3      | Found a basalt altar of Yredelemnul.
  3012 | D:3      | Reached XP level 5. HP: 24/24 MP: 6/6
  3014 | D:3      | Found an iron altar of Okawaru.
  3015 | D:3      | Found a bloodstained altar of Trog.
  3035 | D:3      | Found a transporter.
  3236 | D:3      | Found a sparkling altar of Nemelex Xobeh.
  3479 | D:4      | Reached skill level 5 in Unarmed Combat
  3711 | D:4      | Found a transporter.
  3713 | D:4      | Noticed Tovarisch's ghost (amateur FeAK)
  3722 | D:4      | Found the +0 Maxwell's etheric cage {RegenMP+ *Contam rElec
                  | MP+4}
  3740 | D:4      | Reached skill level 5 in Stealth
  3741 | D:4      | Found a staircase to the Ecumenical Temple.
  4017 | D:4      | Found a transporter.
  4425 | D:5      | Entered Level 5 of the Dungeon
  4460 | D:5      | Gained mutation: You are covered in thick fur. (AC +2)
                  | [Felid growth]
  4460 | D:5      | Reached XP level 6. HP: 28/28 MP: 7/7
  4992 | D:5      | Noticed Ijyb
  4999 | D:5      | Killed Ijyb
  5214 | D:6      | Noticed an ice beast
  5215 | D:6      | Killed an ice beast
  5215 | D:6      | Reached XP level 7. HP: 32/32 MP: 8/8
  5229 | D:6      | Noticed Prince Ribbit
  5236 | D:6      | Killed Prince Ribbit
  5236 | D:6      | Reached *** piety under Trog
  5236 | D:6      | Reached skill level 5 in Fighting
  5443 | D:6      | Reached XP level 8. HP: 22/38 MP: 9/9
  5844 | D:6      | Noticed Pikel
  5872 | D:6      | Killed Pikel
  6237 | D:7      | Found a hazy altar of Hepliaklqana.
  6254 | D:7      | Reached skill level 5 in Dodging
  6426 | D:7      | Reached **** piety under Trog
  6429 | D:7      | Found a sacrificial altar of Ru.
  6512 | D:7      | Reached XP level 9. HP: 41/41 MP: 10/10
  7114 | D:8      | Reached skill level 10 in Dodging
  7117 | D:8      | Reached skill level 1 in Evocations
  7214 | D:8      | Found a shattered altar of Ashenzari.
  7511 | D:8      | Reached skill level 5 in Evocations
  7619 | D:8      | Found Kesyvercho's General Store.
  7620 | D:8      | Noticed a troll
  7627 | D:8      | Killed a troll
  7796 | D:8      | Bought a potion of flight for 45 gold pieces
  7986 | D:9      | Noticed Erica
  7992 | D:9      | Killed Erica
  7992 | D:9      | Reached XP level 10. HP: 45/45 MP: 15/15
  8065 | D:9      | Noticed a two-headed ogre
  8289 | D:9      | Reached ***** piety under Trog
  8354 | D:9      | Found a glowing golden altar of the Shining One.
  8457 | D:9      | Reached skill level 10 in Unarmed Combat
  8906 | D:9      | Found a deep blue altar of Sif Muna.
  8949 | D:9      | Killed a two-headed ogre
  9132 | D:10     | Entered Level 10 of the Dungeon
  9595 | D:10     | Found Faok's Gadget Emporium.
  9951 | D:10     | Reached XP level 11. HP: 41/51 MP: 16/16
 10143 | D:10     | Found a staircase to the Lair.
 11587 | D:10     | Found a staircase to the Orcish Mines.
 11634 | Lair:1   | Entered Level 1 of the Lair of Beasts
 11674 | D:10     | Slain by a black mamba
 11675 | D:10     | Reached XP level 10. HP: -2/49 MP: 15/15
 11703 | D:10     | Killed a black mamba
 12317 | Lair:1   | Killed a black mamba
 12317 | Lair:1   | Reached skill level 10 in Fighting
 12366 | Lair:1   | Noticed a spiny frog
 12376 | Lair:1   | Killed a spiny frog
 12556 | Lair:1   | Found a runed gate.
 12556 | Lair:1   | Found a runed gate.
 12556 | Lair:1   | Found a runed gate.
 12569 | Lair:1   | Noticed a spiny frog
 12581 | Lair:1   | Killed a spiny frog
 12690 | Lair:1   | Noticed an oklob plant
 13270 | Lair:1   | Noticed a seven-headed hydra
 13279 | Lair:1   | Killed a seven-headed hydra
 13279 | Lair:1   | Reached XP level 11. HP: 54/54 MP: 16/16
 13620 | Lair:1   | Noticed MisterFreud's ghost (journeyman NaFE)
 13717 | Lair:2   | Noticed a five-headed hydra
 13721 | Lair:2   | Killed a five-headed hydra
 13886 | Lair:2   | Upgraded the game from 0.23-a0-577-g2b1de94 to
                  | 0.23-a0-582-g1b4a0ca
 14578 | Lair:2   | Found a staircase to the Snake Pit.
 15688 | Lair:3   | Found a large runed door.
 15689 | Lair:3   | Noticed Duffy's ghost (journeyman VSFi)
 15690 | Lair:3   | Found a large runed door.
 16673 | Lair:4   | Found a staircase to the Swamp.
 17220 | Lair:4   | Gained mutation: Your thick and shaggy fur keeps you warm.
                  | (AC +3, rC+) [Felid growth]
 17220 | Lair:4   | Reached XP level 12. HP: 58/58 MP: 18/18
 17412 | Lair:4   | Noticed a five-headed hydra
 17420 | Lair:4   | Killed a five-headed hydra
 17659 | Lair:5   | Noticed a six-headed hydra
 17841 | Lair:5   | Killed a six-headed hydra
 18438 | Lair:5   | Found a staircase to the Slime Pits.
 18908 | Lair:6   | Entered Level 6 of the Lair of Beasts
 18987 | Lair:6   | Noticed a death yak
 19060 | Lair:5   | Killed a death yak
 19779 | Lair:6   | Reached ****** piety under Trog
 20087 | Lair:6   | Reached XP level 13. HP: 61/61 MP: 21/21
 20135 | Lair:6   | Reached skill level 10 in Evocations
 21965 | D:11     | Found Rogg's Magic Scroll Emporium.
 22043 | D:11     | Found Xuyqixes's Weapon Boutique.
 22558 | D:11     | Got a glittering bronze ring
 22559 | D:11     | Identified the ring "Tuagea" {Ice Str+7 Dex+6} (You found
                  | it on level 11 of the Dungeon)
 22589 | D:11     | Found the +3 salamander hide armour {+Rage rF++}
 23777 | D:11     | Found Piutak's Armour Emporium.
 24224 | D:12     | Reached XP level 14. HP: 60/68 MP: 22/22
 25175 | D:12     | Noticed a tengu reaver
 25360 | D:12     | Killed from afar by a tengu reaver
 25361 | D:12     | Reached XP level 13. HP: -2/65 MP: 21/21
 25446 | D:12     | Mangled by a yaktaur captain
 25447 | D:12     | Reached XP level 12. HP: -9/91 MP: 20/20
 25497 | D:12     | Shot with a bolt by a yaktaur captain

Vault maps used:
D:1:      roderic_crop_circles_arrival_small
D:2:      first_ration, uniq_jessica
D:3:      nicolae_overflow_hidden_temple, lemuel_zombie_altar_yredelemnul,
          bloody_makhleb, gammafunk_ghost_arena,
          nemelex_xobeh_ov_fountains_minmay
D:4:      minmay_temple_entry_stoned_glass, gammafunk_ghost_stat_death,
          minmay_misc_feat_encased, chequers_serial_rivers_small_b,
          minmay_misc_feat_hallway
D:5:      uniq_ijyb
D:6:      uniq_pikel, uniq_prince_ribbit1
D:7:      nicolae_ru_sacrificial_ziggurat, old_standard_altar
D:8:      ashenzari_conservatory_becter, serial_shops, shop_fountains,
          hangedman_pestilent_swarm
D:9:      tso_oasis_becter, lemuel_coloured_pillars_altar, uniq_erica
D:10:     erik_lair_island, erik_orc_2, serial_shops, shop,
          minmay_misc_feat_square, eino_jars
D:11:     minmay_the_grid_octo_tiled_squarecenter, serial_shops,
          nicolae_shop_statue_plus, shop, shop
D:12:     minmay_nested_s
Lair:1:   serial_rivers, chequers_serial_rivers_small_b,
          chequers_serial_rivers_marsh, chequers_serial_rivers_micro_b,
          chequers_serial_rivers_micro_c, chequers_serial_rivers_room_b,
          chequers_serial_rivers_small_3, gammafunk_ghost_icy,
          infiniplex_staircase_pool, minmay_lair_oklob_chamber
Lair:2:   minmay_snake_entry_six_corridors
Lair:3:   ebering_ghost_disaster_area
Lair:4:   cheibrodos_lair_river_kwai, skrybe_swamp_entry_bodies,
          grunt_megastairs_5
Lair:5:   minmay_slime_entry_jelly_boxes, gauntlet_entry_generic,
          chequers_serial_rivers_room_a, lookout_lair_type, st_stairs_12,
          beast_lair_carwin_3
Lair:6:   minmay_lair_end_enchanted_forest, st_stairs_10, lemuel_fruit_fields,
          lemuel_fruit_tree

Skill      XL: |  1  2  3  4  5  6  7  8  9 10 11 12 13 14 |
---------------+-------------------------------------------+-----
Stealth        | 2 3 4 5 6 7 11 14 | 14.0
Unarmed Combat | 4 5 6 8 9 10 11 13 14 | 14.0
Fighting       | 4 6 10 9 11 12 | 12.7
Dodging        | 7 10 12 14 | 14.0
Evocations     | 6 7 9 10 | 10.0

Action                   |  1- 3 |  4- 6 |  7- 9 | 10-12 | 13-15 || total
-------------------------+-------+-------+-------+-------+-------++-------
Melee: Unarmed           |    78 |   137 |   203 |   736 |   444 ||  1598
       Bite              |     4 |    14 |    15 |    83 |    48 ||   164
       Punch             |       |     2 |    10 |    36 |    42 ||    90
Invok: Berserk           |     2 |     7 |    11 |    41 |    26 ||    87
       Trog's Hand       |       |       |       |     4 |     8 ||    12
       Brothers in Arms  |       |       |       |     5 |     3 ||     8
Evoke: Wand              |       |       |       |    15 |     2 ||    17
  Use: Scroll            |     3 |     6 |     6 |     7 |     4 ||    26
       Potion            |     3 |       |       |       |       ||     3
 Stab: Sleeping          |     4 |     9 |    19 |    33 |    32 ||    97
       Distracted        |       |       |     1 |     8 |       ||     9
  Eat: Chunk             |     8 |    14 |    15 |    76 |    43 ||   156
Armor: Skin              |     3 |     3 |     6 |    16 |    11 ||    39
Dodge: Dodged            |    45 |    91 |   145 |   664 |   360 ||  1305

Table legend:
 A = Non-vault XP
 B = Vault XP
 C = Vault XP percentage of total XP
 D = Non-vault monster count
 E = Vault monster count
 F = Vault count percentage of total count
                 A         B        C        D         E       F
            +---------+---------+-------+---------+---------+-------
      Total |   45298 |   33783 |  42.7 |     374 |     195 |  34.3
            +---------+---------+-------+---------+---------+-------
        D:1 |      25 |       0 |   0.0 |      15 |       0 |   0.0
        D:2 |      57 |      37 |  39.4 |      20 |       1 |   4.8
        D:3 |      93 |       2 |   2.1 |      15 |       2 |  11.8
        D:4 |     101 |       0 |   0.0 |       5 |       0 |   0.0
        D:5 |     296 |      36 |  10.8 |      19 |       1 |   5.0
        D:6 |     810 |     890 |  52.4 |      19 |       2 |   9.5
        D:7 |     557 |       0 |   0.0 |      20 |       0 |   0.0
        D:8 |    1830 |     598 |  24.6 |      33 |       4 |  10.8
        D:9 |    3139 |     912 |  22.5 |      26 |       1 |   3.7
       D:10 |    2617 |    1940 |  42.6 |      32 |      35 |  52.2
       D:11 |    6004 |    7876 |  56.7 |      37 |      24 |  39.3
       D:12 |    3426 |    6580 |  65.8 |      23 |      31 |  57.4
     Lair:1 |    5007 |       0 |   0.0 |      19 |       0 |   0.0
     Lair:2 |    4241 |     802 |  15.9 |      18 |      12 |  40.0
     Lair:3 |     929 |       0 |   0.0 |       5 |       0 |   0.0
     Lair:4 |    2295 |    3628 |  61.3 |      11 |      12 |  52.2
     Lair:5 |    4167 |    2015 |  32.6 |      16 |      19 |  54.3
     Lair:6 |    9704 |    8467 |  46.6 |      41 |      51 |  55.4
            +---------+---------+-------+---------+---------+-------
